Map: Backwater LE

Players

Kolyochii

  • Race: Zerg Zerg
  • League: Platinum
  • Spawn Location: 11:00

axu - Winner!

  • Race: Protoss Protoss
  • League: Platinum
  • Spawn Location: 5:00

VOD

Have the link to the VOD?

Description

Time

  • Played on: April 11, 2018, 1:52 p.m.
  • Length: 12:21
Show
View Real Time Build Order
Export as new Build Order

Kolyochii Zerg 

Build Orders: Pool First 

Get SALT Encoding   

  12  0:02  Drone  
  13  0:10  Drone  
  14  0:17  Overlord  
  14  0:35  Drone x3  
  17  0:47  Spawning Pool  
  17  0:48  Drone  
  17  1:13  Hatchery  
  16  1:20  Extractor  
  16  1:21  Drone  
  16  1:22  Drone x2  
  18  1:33  Overlord  
  18  1:38  Queen  
  20  1:44  Zergling x2  
  21  1:54  Zergling x2  
  22  2:10  Zergling x2  
  22  2:14  Extractor  
  22  2:26  Queen  
  22  2:27  Drone  
  22  2:29  Drone x2  
  27  2:31  Metabolic Boost  
  26  2:45  Drone  
  26  2:50  Baneling Nest  
  26  2:53  Drone x2  
  26  2:55  Drone  
  26  2:56  Zergling x2  
  30  2:58  Drone x2  
  30  2:59  Drone  
  33  3:09  Drone  
  33  3:12  Drone  
  35  3:19  Overlord  
  35  3:27  Spore Crawler, Queen  
  35  3:30  Overlord  
  36  3:39  Zergling x2  
  36  3:40  Zergling x4  
  40  3:41  Zergling x4  
  40  3:46  Lair  
  36  4:03  Drone x3  
  36  4:04  Overlord  
  38  4:14  Drone x4  
  42  4:29  Drone x2  
  44  4:31  Drone  
  44  4:37  Baneling x5  
  45  4:41  Zergling x2  
  46  4:56  Zergling x4  
  48  5:02  Spire  
  48  5:03  Drone x2  
  48  5:05  Zergling x2  
  50  5:11  Drone x4  
  50  5:12  Drone  
  55  5:14  Extractor  
  55  5:18  Extractor  
  53  5:22  Spore Crawler  
  52  5:31  Zergling x2  
  52  5:32  Zergling x2  
  52  5:35  Evolution Chamber  
  53  5:41  Drone x2  
  55  5:48  Drone  
  56  6:01  Hatchery  
  32  6:14  Zergling x4  
  32  6:16  Mutalisk  
  32  6:17  Mutalisk x6  
  25  6:38  Drone x2  
  20  7:05  Mutalisk  
  20  7:22  Drone  
  19  7:23  Drone  
  20  8:02  Drone  
  21  8:13  Drone  
  22  8:44  Drone x2  
  24  8:58  Drone  
  25  9:05  Drone  
  26  9:14  Drone  
  27  9:27  Drone  
  27  9:28  Drone  
  29  9:32  Drone  
  30  9:40  Baneling  
  30  9:45  Drone  
  31  9:48  Drone  
  31  9:49  Drone  
  33  9:53  Drone  
  33  9:57  Drone  
  35  10:01  Drone  
  35  10:05  Drone  
  37  10:08  Drone  
  37  10:12  Drone  
  39  10:15  Drone  
  39  10:20  Drone  
  41  10:23  Drone x2  
  41  10:25  Drone  
  44  10:39  Roach Warren  
  44  10:40  Drone x2  
  45  10:51  Drone x3  
  45  10:56  Spine Crawler  
Show
View Real Time Build Order
Export as new Build Order

axu Protoss - Winner!

Build Orders: 1 Gate Expand, Mass Adepts, Zealot Archon 

Get SALT Encoding   

  12  0:01  Probe  
  13  0:17  Probe  
  14  0:24  Pylon  
  14  0:29  Probe  
  15  0:42  Gateway, Probe  
  16  0:54  Probe (Chrono Boost)  
  16  0:57  Assimilator  
  18  1:04  Probe (Chrono Boost)  
  18  1:10  Probe  
  19  1:22  Probe  
  20  1:34  Nexus  
  20  1:40  Cybernetics Core  
  20  1:48  Assimilator  
  20  1:52  Pylon  
  20  1:53  Probe  
  21  2:07  Probe  
  22  2:18  Adept (Chrono Boost)  
  22  2:19  Probe  
  22  2:21  Warp Gate  
  25  2:31  Probe  
  26  2:49  Gateway  
  26  2:51  Adept  
  28  2:57  Twilight Council, Probe  
  29  3:01  Probe  
  30  3:09  Probe  
  31  3:13  Gateway, Probe  
  31  3:15  Gateway  
  32  3:22  Probe  
  32  3:25  Probe  
  34  3:30  Resonating Glaives (Chrono Boost)  
  34  3:34  Probe  
  35  3:37  Probe  
  35  3:38  Adept  
  38  3:46  Probe  
  35  4:11  Probe x2 (Chrono Boost)  
  35  4:14  Pylon  
  37  4:19  Pylon  
  37  4:21  Robotics Facility  
  37  4:23  Probe (Chrono Boost)  
  39  4:29  Probe (Chrono Boost)  
  39  4:35  Adept x3  
  39  4:36  Adept, Probe x2 (Chrono Boost)  
  49  4:41  Assimilator  
  49  4:44  Assimilator  
  49  4:47  Templar Archives, Probe x2  
  51  4:56  Adept x3  
  51  4:59  Adept, Probe  
  61  5:00  Probe  
  61  5:05  Pylon  
  61  5:11  Probe  
  62  5:24  Adept x4  
  70  5:36  Blink  
  70  5:41  Pylon  
  70  5:43  Pylon  
  70  5:45  Shield Battery  
  70  5:59  Observer, Probe x2  
  67  6:26  Adept x2  
  67  6:27  Adept x2  
  67  6:29  Probe  
  76  6:36  Nexus  
  76  6:39  Pylon  
  76  6:41  Pylon  
  76  6:45  Pylon  
  74  6:56  Stalker x3  
  74  6:57  Stalker  
  72  7:05  Forge  
  70  7:15  Stalker x3  
  68  7:16  Stalker  
  74  7:24  Gateway  
  74  7:25  Gateway  
  74  7:27  Gateway  
  74  7:34  High Templar x4  
  82  7:38  Archon  
  82  7:39  Archon  
  82  7:47  Pylon  
  82  7:50  Photon Cannon  
  81  7:53  Pylon  
  80  8:05  Protoss Ground Weapons Level 1  
  80  8:10  Photon Cannon  
  80  8:14  Photon Cannon  
  80  8:21  Stalker  
  80  8:22  Stalker x6  
  94  8:34  Probe x2  
  96  8:44  Probe  
  96  8:46  Probe x2  
  99  8:56  Probe  
  99  8:58  Probe x2  
  99  9:02  Stalker x5  
  110  9:03  Stalker x2  
  110  9:07  Observer (Chrono Boost)  
  110  9:08  Probe  
  118  9:10  Probe x2  
  120  9:17  Psionic Storm  
  120  9:21  Observer (Chrono Boost)  
  121  9:38  Assimilator  
  121  9:41  Assimilator  
  121  10:02  Photon Cannon  
  121  10:06  Photon Cannon  
  121  10:09  Photon Cannon  
  121  10:13  Photon Cannon  
  121  10:17  Photon Cannon  
  121  10:21  High Templar x3  
  121  10:22  High Templar x4  
  135  10:31  Archon x3  
  135  10:48  Stargate  
  135  10:51  Stargate  
Tags
 
Add a new tag
Caveats
  • Supply blocks, unpowered buildings, or Contaminate may cause inaccurate times.
  • Supply counts are checked every 10 seconds.